 Dungeon Crawl Stone Soup version 0.31-a0-240-gb923e448b6 (webtiles) character file.

Game seed: 15404605973173341521

303 Nattfarinn the Changeling (level 6, -4/39 HPs)
             Began as an Octopode Shapeshifter on July 12, 2023.
             Slain by Pikel
             ... wielding a +0 whip of electrocution
              (6 damage)
             ... on level 4 of the Dungeon.
             The game lasted 00:03:36 (2738 turns).

Nattfarinn the Changeling (Octopode Shapeshifter)   Turns: 2738, Time: 00:03:36

Health: -4/39      AC:  1    Str: 17    XL:     6   Next: 38%
Magic:  6/6        EV: 13    Int: 10    God:
Gold:   153        SH:  0    Dex: 12    Spells: 5/5 levels left

rFire   . .          .
                       - Unarmed
rCold   . . .        d - orb {mayhem}
rNeg    . . .        (helmet currently unavailable)
rPois   .            (no amulet)
rElec   .            (no ring)
rCorr   .            (no ring)
SInv    .            (no ring)
Will    .....        (no ring)
Stlth   ++           (no ring)
HPRegen 0.26/turn    (no ring)
MPRegen 0.10/turn    (no ring)
                     (no ring)

%: mayhem
@: beast-form, hasted, very quick
A: beast (slay +4), almost no armour, amphibious, 8 rings, camouflage 1,
gelatinous body 1, (nimble swimmer 1), tentacles
a: no special abilities


You were on level 4 of the Dungeon.
You were a hulking beast.
You visited 1 branch of the dungeon, and saw 4 of its levels.

You collected 153 gold pieces.

Inventory:

Armour
 d - an orb of mayhem (worn)
Jewellery
 n - a +5 ring of evasion
Talismans
 b - a beast talisman
Wands
 j - a wand of flame (20)
Scrolls
 l - a scroll of identify {unknown}
 m - a scroll of vulnerability {unknown}
 o - a scroll of fog {unknown}
Potions
 a - a potion of lignification
 e - 3 potions of attraction {unknown}
 f - a potion of heal wounds {unknown}
 g - a potion of might {unknown}
 h - 2 potions of enlightenment {unknown}
 i - 2 potions of degeneration {unknown}
 k - a potion of mutation {unknown}


   Skills:
 - Level 2.0 Fighting
 - Level 2.0 Dodging
 - Level 2.0 Unarmed Combat
 + Level 6.0 Shapeshifting


You had 5 spell levels left.
You didn't know any spells.
Your spell library contained the following spells:

 Spells                   Type           Power      Damage    Failure   Level
 Slow                     Hex            0%         N/A       36%         1
 Ensorcelled Hibernation  Hex/Ice        0%         N/A       50%         2
 Passwall                 Tmut/Erth      0%         N/A       50%         2
 Confusing Touch          Hex            0%         N/A       75%         3
 Ozocubu's Armour         Ice            0%         N/A       75%         3
 Swiftness                Air            0%         N/A       75%         3
 Vampiric Draining        Necr           0%         2d6       75%         3
 Anguish                  Hex/Necr       0%         N/A       98%         4
 Metabolic Englaciation   Hex/Ice        0%         N/A       100%        5
 Simulacrum               Ice/Necr       0%         N/A       100%        6


Dungeon Overview and Level Annotations

Branches:
Dungeon (4/15)
 Temple: D:4-7

Altars:
Zin

Annotations:
D:2 1 runed translucent door, Crazy Yiuf
D:3 Grinder, Natasha
D:4 Pikel


Innate Abilities, Weirdness & Mutations

You are a hulking beast.
Your limbs bulge with bestial killing power. (Slay +4)
You cannot wear most types of armour.
You are amphibious.
You can wear up to eight rings at the same time.
Your skin changes colour to match your surroundings (Stealth+).
Your rubbery body absorbs attacks. (AC +1, EV +1)
((You are camouflaged when in or above water. (Stealth+)))
You have tentacles for arms and can constrict up to eight enemies at once.


Message History

The iguana is almost dead.
You constrict the iguana. The iguana bites you.
You bludgeon the iguana!
You kill the iguana!
Your Shapeshifting skill increases to level 6! 2 lemures come into view.
The lemure shouts!
You hear a shout! x2
You hear a shout!
Pikel and a lemure come into view.
Pikel is wielding a +0 whip of electrocution.
The lemure shouts!
The lemure hits you.
You bludgeon the lemure! Your grab misses the lemure. You squeeze the lemure.
The lemure is moderately wounded.
The lemure hits you! The lemure attacks as you move away!
The lemure misses you. The lemure attacks as you move away!
The lemure hits you!
You tentacle-slap the lemure. Your grab misses the lemure.
The lemure is heavily wounded.
The lemure misses you.
You tentacle-slap the lemure. You grab the lemure.
The lemure is heavily wounded.
You constrict the lemure. The lemure completely misses you.
You tentacle-slap the lemure.
The lemure is heavily wounded.
You constrict the lemure, but do no damage.
Pikel drinks a potion.
Pikel seems to speed up.
The lemure hits you.
You tentacle-slap the lemure. You squeeze the lemure!
You kill the lemure!
That felt strangely unrewarding.
You tentacle-slap Pikel. You grab Pikel.
Pikel is lightly wounded.
You constrict Pikel.
Pikel hits you with a +0 whip of electrocution!
* * * LOW HITPOINT WARNING * * *
You feel yourself speed up.
You constrict Pikel.
Pikel hits you with a +0 whip of electrocution!
* * * LOW HITPOINT WARNING * * *
Pikel hits you with a +0 whip of electrocution.
You die...

......#####.#
.......)..#.#
#####.###.#.# #
#.###.#.######
#####............#
............####.#
#########.### #.#
#.# #.# #.# #h#
#.# #K# #.# #5# #.
#5# #.# #....#
####K# 5. .#


You could see Pikel (fast) and 2 lemures.

Vanquished Creatures
  A black bear (D:4)
  A lemure (D:4)
  2 iguanas
  2 gnolls (D:3)
  6 adders
  2 worms
  2 dart slugs
  4 ball pythons
  4 bats
  7 endoplasms
  4 giant cockroaches
  4 goblins
  4 hobgoblins
  8 kobolds
  5 quokkas
  7 frilled lizards
  8 rats
71 creatures vanquished.

Vanquished Creatures (collateral kills)
  A gnoll (D:3)
1 creature vanquished.

Vanquished Creatures (others)
  A gnoll (D:3)
1 creature vanquished.

Grand Total: 73 creatures vanquished

Notes
Turn   | Place    | Note
-------+----------+-------------------------------------------
     0 | D:1      | Nattfarinn the Octopode Shapeshifter began the quest for
                  | the Orb.
     0 | D:1      | Reached XP level 1. HP: 14/14 MP: 1/1
   200 | D:1      | Found a faded altar of an unknown god.
   207 | D:1      | Reached XP level 2. HP: 18/19 MP: 2/2
   492 | D:1      | Reached XP level 3. HP: 24/24 MP: 3/3
   703 | D:2      | Found a glowing silver altar of Zin.
   796 | D:2      | Reached skill level 4 in Shapeshifting
   917 | D:2      | Reached XP level 4. HP: 29/29 MP: 4/4
  1362 | D:2      | Found a runed translucent door.
  1363 | D:2      | Noticed Crazy Yiuf
  1640 | D:3      | Reached XP level 5. HP: 19/34 MP: 5/5
  1651 | D:3      | Reached skill level 5 in Shapeshifting
  2483 | D:3      | Noticed Grinder
  2484 | D:3      | Noticed Natasha
  2581 | D:4      | Noticed a black bear
  2585 | D:4      | Killed a black bear
  2586 | D:4      | Reached XP level 6. HP: 25/39 MP: 6/6
  2707 | D:4      | Reached skill level 6 in Shapeshifting
  2727 | D:4      | Noticed Pikel
  2738 | D:4      | Slain by Pikel

Illustrated notes

Levels and vault maps discovered:
D:1:      minmay_arrival_five_plusses, layout_basic,
          hellmonk_ecumenical_altar_pennies_from_heaven
D:2:      layout_loops_ring, basic_altar, kennysheep_generic_room_15,
          uniq_crazy_yiuf_cottage
D:3:      layout_basic, minmay_misc_feat_nine_boxes, uniq_natasha, uniq_grinder
D:4:      layout_loops_ring, uniq_pikel

Skill      XL: |  1  2  3  4  5  6 |
---------------+-------------------+-----
Shapeshifting  | 4 5 6 |  6.0
Fighting       | |  2.0
Dodging        | |  2.0
Unarmed Combat | |  2.0

Action                     |  1- 3 |  4- 6 || total
---------------------------+-------+-------++-------
  Melee: Unarmed           |    54 |    68 ||   122
         Constrict         |    14 |    20 ||    34
         Tentacles         |     6 |    16 ||    22
         Punch             |     4 |       ||     4
    Use: Potion            |       |     1 ||     1
   Stab: Sleeping          |     7 |    11 ||    18
         Distracted        |     1 |       ||     1
 Armour: Skin              |     4 |     3 ||     7
  Dodge: Dodged            |    29 |    25 ||    54

Table legend: (Time is in decaauts)
 A = Elapsed time spent in this place.
 B = Non-inter-level travel time spent in this place.
 C = Inter-level travel time spent in this place.
 D = Time resting spent in this place.
 E = Time spent auto-exploring this place.
 F = Levels seen in this place.
 G = Mean time per level.
                   A        B        C        D        E       F      G
               +--------+--------+--------+--------+--------+-----+--------+
         Total |   2733 |   2631 |    102 |      0 |   2198 |   4 |  683.2 |
       Dungeon |   2733 |   2631 |    102 |      0 |   2198 |   4 |  683.2 |
               +--------+--------+--------+--------+--------+-----+--------+

Top non-repeatable levels by time:
     D:3: 960 daAuts
     D:2: 844 daAuts
     D:1: 700 daAuts
     D:4: 227 daAuts
